Sharks vs Ducks

Created - Monday, December 22, 2014 at 22:29

Goals
1 2 3 T
Sharks 0 1 3 4
Ducks 2 4 2 8
Shots
1 2 3 T
Sharks 11 8 13 32
Ducks 9 9 14 32

1st period

1. Ducks , Tyler Bozak 17 (Patrick Kane, Matthew Carle) at 8:18
2. Ducks , Tyler Bozak 18 (Matthew Carle, Dennis Wideman) at 19:57 (PP)

Penalties :
Dion Phaneuf (SJ ) for Slashing (Minor) at 0:43, Patrick Kane (Ana) for Holding (Minor) at 9:48, Nicklas Grossmann (SJ ) for Hooking (Minor) at 19:08

2nd period

3. Ducks , Matthew Carle 4 (James Neal, Martin St. Louis) at 7:36 (PP)
4. Ducks , Tyler Bozak 19 (Patrick Kane, Anton Stralman) at 13:23 (PP)
5. Sharks , Nicklas Grossmann 2 (Adam Hall, Brian Gionta) at 14:52
6. Ducks , Martin St. Louis 22 (Dennis Wideman, James Neal) at 17:42 (PP)
7. Ducks , Martin St. Louis 23 (James Neal) at 18:03

Penalties :
Dion Phaneuf (SJ ) for Interference (Minor) at 7:15, James Neal (Ana) for Roughing (Minor) at 7:53, Mike Weber (SJ ) for Hooking (Minor) at 12:26, Mike Weber (SJ ) for Tripping (Minor) at 17:28

3rd period

8. Ducks , Matthew Carle 5 (Martin St. Louis, James Neal) at 0:21
9. Ducks , TJ Galiardi 3 (James Sheppard, Matthew Carle) at 0:52
10. Sharks , Rich Peverley 7 (Jay Harrison, Mike Green) at 14:21 (PP)
11. Sharks , Nicklas Grossmann 3 (Dion Phaneuf, Luke Glendening) at 15:00
12. Sharks , Nathan Gerbe 7 (Brian Gionta, Adam Hall) at 19:29

Penalties :
TJ Galiardi (Ana) for Hooking (Minor) at 13:43

Goalie Stats

Farm Player83 (SJ ), 0 saves from 4 shots - (0.000), L, 0-1-0, 7:29 minutes
Viktor Fasth (SJ ), 24 saves from 28 shots - (0.857), 52:31 minutes
Martin Brodeur (Ana), 28 saves from 32 shots - (0.875), W, 10-9-2, 60:00 minutes

Players Stats for Sharks

Player Name              G  A  P  +/- PIM S  H  SB GA TA FO     MP     PP MP  PK MP  
------------------------------------------------------------------------------------
Adam Hall                0  2  2   2  0   1  0  2  1  1  5/8    15:11   2:27   0:00 
Andrew Ebbett            0  0  0   0  0   1  0  0  0  0  0/0     6:43   0:00   0:00 
Blake Comeau             0  0  0   0  0   1  1  0  0  0  0/4     6:43   0:00   0:00 
Brian Gionta             0  2  2   2  0   1  1  0  1  1  1/1    19:07   2:09   3:21 
Cory Sarich              0  0  0  -1  0   0  0  0  1  0  0/0     5:21   0:00   0:15 
Deryk Engelland          0  0  0  -4  0   0  2  0  0  0  0/3    15:23   0:00   0:00 
Dion Phaneuf             0  1  1  -2  4   3  3  2  1  3  0/0    26:43   2:33   2:00 
Henrik Sedin             0  0  0  -4  0   2  1  0  2  0  21/30  26:59   2:27   3:21 
Jay Harrison             0  1  1   1  0   1  0  0  0  1  0/0    21:41   2:03   2:54 
Luke Glendening          0  1  1   1  0   2  0  1  0  1  1/1    15:45   0:00   0:00 
Mark Fistric             0  0  0   0  0   0  2  0  1  0  0/0    11:49   0:00   0:00 
Matt Hendricks           0  0  0   1  0   1  1  1  0  1  0/0    15:45   0:00   0:00 
Mike Green               0  1  1   1  0   4  2  2  2  1  0/0    20:31   2:03   1:44 
Mike Weber               0  0  0   0  4   0  1  0  0  0  0/0    11:47   0:00   0:00 
Nathan Gerbe             1  0  1   2  0   7  1  0  1  0  0/0    15:38   2:09   0:00 
Nicklas Grossmann        2  0  2  -1  2   3  3  0  0  1  0/0    21:55   2:33   1:47 
Olli Jokinen             0  0  0   1  0   1  2  0  4  0  7/13   19:21   2:09   0:59 
Rich Peverley            1  0  1  -4  0   4  2  0  1  0  0/0    18:53   2:27   0:59 

Players Stats for Ducks

Player Name              G  A  P  +/- PIM S  H  SB GA TA FO     MP     PP MP  PK MP  
------------------------------------------------------------------------------------
Alex Grant               0  0  0  -2  0   0  3  0  0  0  0/0    19:50   0:00   0:00 
Anton Stralman           0  1  1  -2  0   2  2  4  0  0  0/0    23:43   1:49   3:44 
Brett Bellemore          0  0  0   0  0   1  0  0  0  0  0/0     2:58   0:00   0:00 
Dennis Wideman           0  2  2   3  0   3  4  7  0  1  0/0    32:15   3:27   1:30 
James Neal               0  4  4   1  2   3  4  0  2  0  1/1    20:53   2:44   0:33 
James Sheppard           0  1  1   0  0   1  1  0  0  1  0/0    12:23   0:00   1:00 
Jonathan Huberdeau       0  0  0   0  0   0  1  0  2  0  1/6     5:51   0:00   0:00 
Keith Aucoin             0  0  0   0  0   1  2  0  0  1  0/0     9:27   0:00   0:11 
Marc Staal               0  0  0   0  0   0  3  0  0  2  0/0    12:02   0:53   3:06 
Martin St. Louis         2  2  4   1  0   4  0  0  2  0  3/5    24:02   2:44   3:25 
Matt Frattin             0  0  0   0  0   0  3  0  5  0  0/0    10:56   0:00   0:00 
Matthew Carle            2  3  5   3  0   5  1  5  0  2  0/0    26:16   2:31   0:52 
Mike Richards            0  0  0   0  0   2  0  0  2  0  3/10    9:22   1:33   1:26 
Patrick Kane             0  2  2   0  2   0  1  1  3  0  0/1    16:49   1:36   0:00 
Sean Bergenheim          0  0  0   0  0   1  2  0  0  0  0/0    18:31   1:36   1:41 
TJ Galiardi              1  0  1   1  2   2  1  0  2  1  6/16   19:12   1:11   0:23 
Tom Pyatt                0  0  0   0  0   0  1  0  1  1  4/8    13:08   0:00   0:00 
Tyler Bozak              3  0  3   0  0   7  3  0  2  0  7/13   17:23   1:36   0:33 

3 Stars

1 - Matthew Carle (Ana)
2 - Tyler Bozak (Ana)
3 - Martin St. Louis (Ana)

Power Play

Sharks - 1 on 3 Attempt(s) - 33.33%
Ducks - 4 on 5 Attempt(s) - 80.00%

Penalty Kill

Sharks - 1 on 5 Attempt(s) - 20.00% - Score 0 goal in Penalty Kill
Ducks - 2 on 3 Attempt(s) - 66.67% - Score 0 goal in Penalty Kill

Official

Referees : Unknown
Linesman : Unknown

Game Notes

Brett Bellemore is injured at 16:17 of 1st period (Bruised Right Arm)
0:31 of 2nd period - Ducks goal is going for a video replay. After video review, No Goal. The puck has deflected directly into the net off by an official.
Mike Richards is injured at 6:30 of 2nd period (Sports Hernia)
Jonathan Huberdeau is injured at 6:55 of 2nd period (Strained Left Knee)
Marc Staal is injured at 10:48 of 2nd period (Dislocated Patella)
Tyler Bozak has scored a Hat Trick!
Farm Player83 enters game at 13:23 of 2nd period
Viktor Fasth enters game at 0:52 of 3rd period

Finance

Level 1 -- Attendance: 4776 (79.60%) -- Ticket Income $453,720
Level 2 -- Attendance: 4412 (88.24%) -- Ticket Income $220,600
Level 3 -- Attendance: 2000 (100.00%) -- Ticket Income $60,000
Level 4 -- Attendance: 3570 (89.25%) -- Ticket Income $64,260
Luxury Box -- Attendance: 733 (73.30%) -- Ticket Income $135,605
Game was played at the Honda Center
Total Attendance: 15491 (86.06%)
Total Ticket Income: $934,185
Other Income: $457,751
Total Income: $1,391,936

Sharks

5 vs 5 Forward 
   Center                   Left Wing                Right Wing               Time % Phy DF OF 
 1 Henrik Sedin             Deryk Engelland          Rich Peverley            35     1   2  2  
 2 Olli Jokinen             Luke Glendening          Matt Hendricks           30     1   2  2  
 3 Adam Hall                Nathan Gerbe             Brian Gionta             22     1   2  2  
 4 Blake Comeau             Andrew Ebbett            Henrik Sedin             13     1   2  2  

5 vs 5 Defense 
   Defense                  Defense                                           Time % Phy DF OF 
 1 Dion Phaneuf             Nicklas Grossmann                                 35     1   2  2  
 2 Mike Green               Jay Harrison                                      30     1   2  2  
 3 Mark Fistric             Mike Weber                                        22     1   2  2  
 4 Dion Phaneuf             Cory Sarich                                       13     1   2  2  

PowerPlay Forward 
   Center                   Left Wing                Right Wing               Time % Phy DF OF 
 1 Henrik Sedin             Adam Hall                Rich Peverley            60     1   2  2  
 2 Olli Jokinen             Brian Gionta             Nathan Gerbe             40     1   2  2  

PowerPlay Defense
   Defense                  Defense                                           Time % Phy DF OF 
 1 Dion Phaneuf             Nicklas Grossmann                                 60     1   2  2  
 2 Mike Green               Jay Harrison                                      40     1   2  2  

Penalty Kill 4 Players Forward 
   Center                   Wing                     Time % Phy DF OF 
 1 Henrik Sedin             Brian Gionta             60     1   2  2  
 2 Olli Jokinen             Rich Peverley            40     1   2  2  

Penalty Kill 4 Players Defense
   Defense                  Defense                  Time % Phy DF OF 
 1 Dion Phaneuf             Nicklas Grossmann        60     1   2  2  
 2 Mike Green               Jay Harrison             40     1   2  2  

Penalty Kill - 3 Players Forward 
   Forward                                           Time % Phy DF OF 
 1 Henrik Sedin                                      60     1   2  2  
 2 Rich Peverley                                     40     1   2  2  

Penalty Kill - 3 Players Defense
   Defense                  Defense                  Time % Phy DF OF 
 1 Dion Phaneuf             Nicklas Grossmann        60     1   2  2  
 2 Mike Green               Jay Harrison             40     1   2  2  

4 vs 4 Forward 
   Center                   Wing                     Time % Phy DF OF 
 1 Henrik Sedin             Nathan Gerbe             60     1   2  2  
 2 Olli Jokinen             Rich Peverley            40     1   2  2  

4 vs 4 Defense
   Defense                  Defense                  Time % Phy DF OF 
 1 Dion Phaneuf             Nicklas Grossmann        60     1   2  2  
 2 Mike Green               Jay Harrison             40     1   2  2  

Last Minutes Offensive
   Center                   Left Wing                Right Wing               Defense                  Defense                  
   Henrik Sedin             Deryk Engelland          Rich Peverley            Dion Phaneuf             Nicklas Grossmann        

Last Minutes Defensive
   Center                   Left Wing                Right Wing               Defense                  Defense                  
   Henrik Sedin             Deryk Engelland          Rich Peverley            Dion Phaneuf             Nicklas Grossmann        

Goaltenders
Starting : Viktor Fasth             
Backup : Farm Player83            

Extra Forwards
Normal : Brian Gionta, Nathan Gerbe, Adam Hall - PP : Brian Gionta, Nathan Gerbe - PK : Adam Hall
Extra Defensemen
Normal : Jay Harrison, Nicklas Grossmann, Mike Green - PP : Jay Harrison - PK : Jay Harrison, Nicklas Grossmann
Penalty Shots
Henrik Sedin, Brian Gionta, Olli Jokinen, Rich Peverley, Adam Hall

Ducks

5 vs 5 Forward 
   Center                   Left Wing                Right Wing               Time % Phy DF OF 
 1 Mike Richards            Martin St. Louis         James Neal               35     1   2  2  
 2 Tyler Bozak              Sean Bergenheim          Patrick Kane             30     1   2  2  
 3 Jonathan Huberdeau       TJ Galiardi              James Sheppard           22     1   2  2  
 4 Tom Pyatt                Matt Frattin             Keith Aucoin             13     1   2  2  

5 vs 5 Defense 
   Defense                  Defense                                           Time % Phy DF OF 
 1 Matthew Carle            Dennis Wideman                                    35     1   2  2  
 2 Marc Staal               Anton Stralman                                    30     1   2  2  
 3 Brett Bellemore          Alex Grant                                        22     1   2  2  
 4 Matthew Carle            Dennis Wideman                                    13     1   2  2  

PowerPlay Forward 
   Center                   Left Wing                Right Wing               Time % Phy DF OF 
 1 Mike Richards            Martin St. Louis         James Neal               60     1   2  2  
 2 Tyler Bozak              Sean Bergenheim          Patrick Kane             40     1   2  2  

PowerPlay Defense
   Defense                  Defense                                           Time % Phy DF OF 
 1 Matthew Carle            Dennis Wideman                                    60     1   2  2  
 2 Marc Staal               Anton Stralman                                    40     1   2  2  

Penalty Kill 4 Players Forward 
   Center                   Wing                     Time % Phy DF OF 
 1 Martin St. Louis         Mike Richards            60     1   2  2  
 2 James Neal               Tyler Bozak              40     1   2  2  

Penalty Kill 4 Players Defense
   Defense                  Defense                  Time % Phy DF OF 
 1 Matthew Carle            Dennis Wideman           60     1   2  2  
 2 Marc Staal               Anton Stralman           40     1   2  2  

Penalty Kill - 3 Players Forward 
   Forward                                           Time % Phy DF OF 
 1 Martin St. Louis                                  60     1   2  2  
 2 Mike Richards                                     40     1   2  2  

Penalty Kill - 3 Players Defense
   Defense                  Defense                  Time % Phy DF OF 
 1 Matthew Carle            Dennis Wideman           60     1   2  2  
 2 Marc Staal               Anton Stralman           40     1   2  2  

4 vs 4 Forward 
   Center                   Wing                     Time % Phy DF OF 
 1 Martin St. Louis         Mike Richards            60     1   2  2  
 2 James Neal               Tyler Bozak              40     1   2  2  

4 vs 4 Defense
   Defense                  Defense                  Time % Phy DF OF 
 1 Matthew Carle            Dennis Wideman           60     1   2  2  
 2 Marc Staal               Anton Stralman           40     1   2  2  

Last Minutes Offensive
   Center                   Left Wing                Right Wing               Defense                  Defense                  
   Mike Richards            Martin St. Louis         James Neal               Matthew Carle            Dennis Wideman           

Last Minutes Defensive
   Center                   Left Wing                Right Wing               Defense                  Defense                  
   Mike Richards            Martin St. Louis         James Neal               Matthew Carle            Dennis Wideman           

Goaltenders
Starting : Martin Brodeur           
Backup : Jonathan Bernier         

Extra Forwards
Normal : Jonathan Huberdeau, TJ Galiardi, James Sheppard - PP : Jonathan Huberdeau, TJ Galiardi - PK : James Sheppard
Extra Defensemen
Normal : Brett Bellemore, Alex Grant, Marc Staal - PP : Brett Bellemore - PK : Alex Grant, Marc Staal
Penalty Shots
Martin St. Louis, Mike Richards, James Neal, Tyler Bozak, Patrick Kane

% Time on Ice - Sharks

Lines # - Real PCT - Wanted PCT - Time Play
Normal Forward
1 - 30% - 35% - 15:28
2 - 32% - 30% - 16:14
3 - 25% - 22% - 12:37
4 - 13% - 13% - 6:45
Normal Defense
1 - 34% - 35% - 17:37
2 - 33% - 30% - 16:44
3 - 23% - 22% - 11:52
4 - 9% - 13% - 4:51
PP Forward
1 - 53% - 60% - 2:27
2 - 47% - 40% - 2:09
PP Defense
1 - 55% - 60% - 2:33
2 - 45% - 40% - 2:03
PK Forward
1 - 77% - 60% - 3:21
2 - 23% - 40% - 0:59
PK Defense
1 - 60% - 60% - 2:36
2 - 40% - 40% - 1:44
PK3 Forward
1 - 0% - 60%
2 - 0% - 40%
PK3 Defense
1 - 0% - 60%
2 - 0% - 40%
44 Forward
1 - 0% - 60%
2 - 0% - 40%
44 Defense
1 - 0% - 60%
2 - 0% - 40%
Last Minute Offensive  - 0:00
Last Minute Defensive  - 0:00
Total
Forward - 60:00
Defense - 60:00

% Time on Ice - Ducks

Lines # - Real PCT - Wanted PCT - Time Play
Normal Forward
1 - 34% - 35% - 17:13
2 - 30% - 30% - 15:14
3 - 18% - 22% - 9:20
4 - 18% - 13% - 9:17
Normal Defense
1 - 29% - 35% - 15:03
2 - 40% - 30% - 20:17
3 - 24% - 22% - 12:17
4 - 7% - 13% - 3:27
PP Forward
1 - 63% - 60% - 2:44
2 - 37% - 40% - 1:36
PP Defense
1 - 58% - 60% - 2:31
2 - 42% - 40% - 1:49
PK Forward
1 - 88% - 60% - 4:03
2 - 12% - 40% - 0:33
PK Defense
1 - 19% - 60% - 0:52
2 - 81% - 40% - 3:44
PK3 Forward
1 - 0% - 60%
2 - 0% - 40%
PK3 Defense
1 - 0% - 60%
2 - 0% - 40%
44 Forward
1 - 0% - 60%
2 - 0% - 40%
44 Defense
1 - 0% - 60%
2 - 0% - 40%
Last Minute Offensive  - 0:00
Last Minute Defensive  - 0:00
Total
Forward - 60:00
Defense - 60:00

Play by Play

1st period


0:01 of 1st period - Henrik Sedin wins face-off versus Mike Richards in neutral zone.
0:43 of 1st period - Minor Penalty to Dion Phaneuf for Slashing.
0:44 of 1st period - Henrik Sedin wins face-off versus Tyler Bozak in Sharks zone.
0:53 of 1st period - Snap shot by Patrick Kane.
0:53 of 1st period - Shot Blocked by Mike Green.
2:26 of 1st period - Matthew Carle is hit by Rich Peverley and loses puck.
2:43 of 1st period - Penalty to Dion Phaneuf is over, Dion Phaneuf is back on ice.
2:55 of 1st period - Snap shot by Olli Jokinen.
2:55 of 1st period - Shot Blocked by Dennis Wideman.
2:57 of 1st period - Snap shot by Nicklas Grossmann.
2:57 of 1st period - Stopped by Martin Brodeur without a rebound.
2:58 of 1st period - Luke Glendening wins face-off versus Jonathan Huberdeau in Ducks zone.
3:09 of 1st period - Slapshot by Jonathan Huberdeau.
3:09 of 1st period - Shot Misses the Net.
4:01 of 1st period - Andrew Ebbett is hit by Matt Frattin and loses puck.
4:34 of 1st period - Wrist shot by Patrick Kane.
4:34 of 1st period - Shot Misses the Net.
4:46 of 1st period - Snap shot by Tyler Bozak.
4:46 of 1st period - Stopped by Viktor Fasth with a rebound.
4:48 of 1st period - Snap shot by Brett Bellemore.
4:48 of 1st period - Deflect By Patrick Kane.
4:48 of 1st period - Shot Blocked by Dion Phaneuf.
4:48 of 1st period - Puck is out of play.
4:49 of 1st period - Adam Hall wins face-off versus Jonathan Huberdeau in Sharks zone.
4:54 of 1st period - Matthew Carle is hit by Mike Green and loses puck.
5:01 of 1st period - Slapshot by Dennis Wideman.
5:01 of 1st period - Stopped by Viktor Fasth with a rebound.
5:29 of 1st period - Tyler Bozak is hit by Mike Green and loses puck.
5:42 of 1st period - Deryk Engelland is hit by Sean Bergenheim and loses puck.
6:55 of 1st period - Wrist shot by Henrik Sedin.
6:55 of 1st period - Deflect By Blake Comeau.
6:55 of 1st period - Stopped by Martin Brodeur with a rebound.
6:57 of 1st period - Snap shot by Dion Phaneuf.
6:57 of 1st period - Stopped by Martin Brodeur with a rebound.
6:59 of 1st period - Snap shot by Dion Phaneuf.
6:59 of 1st period - Deflect By Andrew Ebbett.
6:59 of 1st period - Stopped by Martin Brodeur without a rebound.
7:00 of 1st period - Mike Richards wins face-off versus Blake Comeau in Ducks zone.
7:17 of 1st period - Backhand shot by Henrik Sedin.
7:17 of 1st period - Shot Hit the Post.
7:31 of 1st period - Snap shot by Nathan Gerbe.
7:31 of 1st period - Shot Blocked by Anton Stralman.
7:33 of 1st period - Snap shot by Brian Gionta.
7:33 of 1st period - Deflect By Nathan Gerbe.
7:33 of 1st period - Shot Hit the Post.
7:33 of 1st period - Puck is out of play.
7:34 of 1st period - Adam Hall wins face-off versus Jonathan Huberdeau in Ducks zone.
8:03 of 1st period - Snap shot by TJ Galiardi.
8:03 of 1st period - Deflect By Jonathan Huberdeau.
8:03 of 1st period - Shot Blocked by Adam Hall.
8:03 of 1st period - Puck is out of play.
8:04 of 1st period - Tyler Bozak wins face-off versus Henrik Sedin in Sharks zone.
8:18 of 1st period - Wrist shot by Tyler Bozak.
8:18 of 1st period - Goal by Tyler Bozak - Sharks : 0 - Ducks : 1.
8:19 of 1st period - Mike Richards wins face-off versus Olli Jokinen in neutral zone.
8:22 of 1st period - Luke Glendening is hit by Dennis Wideman and loses puck.
9:20 of 1st period - Deryk Engelland is hit by Sean Bergenheim and loses puck.
9:48 of 1st period - Minor Penalty to Patrick Kane for Holding.
9:49 of 1st period - Martin St. Louis wins face-off versus Henrik Sedin in Ducks zone.
11:21 of 1st period - Slapshot by Mike Green.
11:21 of 1st period - Shot Misses the Net.
11:41 of 1st period - Adam Hall is hit by Anton Stralman and loses puck.
11:48 of 1st period - Penalty to Patrick Kane is over, Patrick Kane is back on ice.
12:02 of 1st period - Wrist shot by Olli Jokinen.
12:02 of 1st period - Shot Blocked by Anton Stralman.
12:24 of 1st period - Mike Weber is hit by Marc Staal and loses puck.
13:04 of 1st period - Dennis Wideman is hit by Matt Hendricks and loses puck.
13:24 of 1st period - Wrist shot by Henrik Sedin.
13:24 of 1st period - Shot Hit the Post.
13:30 of 1st period - Deryk Engelland is hit by Matt Frattin and loses puck.
14:08 of 1st period - Wrist shot by Nathan Gerbe.
14:08 of 1st period - Stopped by Martin Brodeur with a rebound.
14:10 of 1st period - Slapshot by Mike Green.
14:10 of 1st period - Deflect By Matthew Carle.
14:10 of 1st period - Stopped by Martin Brodeur with a rebound.
14:12 of 1st period - Snap shot by Nathan Gerbe.
14:12 of 1st period - Shot Misses the Net.
14:46 of 1st period - Mark Fistric is hit by Jonathan Huberdeau and loses puck.
15:07 of 1st period - Snap shot by Rich Peverley.
15:07 of 1st period - Stopped by Martin Brodeur without a rebound.
15:08 of 1st period - Henrik Sedin wins face-off versus Mike Richards in Ducks zone.
15:23 of 1st period - James Neal is hit by Nicklas Grossmann and loses puck.
15:38 of 1st period - Mike Richards is hit by Brian Gionta and loses puck.
15:52 of 1st period - Icing by Henrik Sedin.
15:53 of 1st period - Tom Pyatt wins face-off versus Blake Comeau in Sharks zone.
16:04 of 1st period - Wrist shot by Matt Frattin.
16:04 of 1st period - Shot Hit the Post.
16:06 of 1st period - Slapshot by Brett Bellemore.
16:06 of 1st period - Deflect By Jay Harrison.
16:06 of 1st period - Stopped by Viktor Fasth without a rebound.
16:07 of 1st period - Tom Pyatt wins face-off versus Olli Jokinen in Sharks zone.
16:16 of 1st period - Brett Bellemore is hit by Olli Jokinen and loses puck.
16:17 of 1st period - Brett Bellemore from Ducks is injured at 16:17 of 1st period (Bruised Right Arm).
16:18 of 1st period - Henrik Sedin wins face-off versus Mike Richards in Ducks zone.
16:53 of 1st period - Icing by Dion Phaneuf.
16:54 of 1st period - Henrik Sedin wins face-off versus Patrick Kane in Sharks zone.
16:54 of 1st period - Henrik Sedin is hit by Tyler Bozak.
17:28 of 1st period - Slapshot by Mike Green.
17:28 of 1st period - Deflect By Luke Glendening.
17:28 of 1st period - Stopped by Martin Brodeur with a rebound.
17:36 of 1st period - Slapshot by Mike Green.
17:36 of 1st period - Stopped by Martin Brodeur with a rebound.
17:38 of 1st period - Backhand shot by Matt Hendricks.
17:38 of 1st period - Shot Misses the Net.
17:56 of 1st period - Wrist shot by Nathan Gerbe.
17:56 of 1st period - Shot Blocked by Matthew Carle.
17:58 of 1st period - Slapshot by Mike Green.
17:58 of 1st period - Shot Blocked by Matthew Carle.
18:00 of 1st period - Slapshot by Jay Harrison.
18:00 of 1st period - Shot Blocked by Dennis Wideman.
18:02 of 1st period - Snap shot by Jay Harrison.
18:02 of 1st period - Stopped by Martin Brodeur with a rebound.
18:04 of 1st period - Snap shot by Adam Hall.
18:04 of 1st period - Shot Misses the Net.
18:06 of 1st period - Backhand shot by Adam Hall.
18:06 of 1st period - Shot Blocked by Patrick Kane.
18:08 of 1st period - Snap shot by Adam Hall.
18:08 of 1st period - Shot Blocked by Dennis Wideman.
18:14 of 1st period - Wrist shot by Nathan Gerbe.
18:14 of 1st period - Stopped by Martin Brodeur without a rebound.
18:15 of 1st period - Mike Richards wins face-off versus Blake Comeau in Ducks zone.
18:15 of 1st period - Mike Richards is hit by Blake Comeau.
18:33 of 1st period - Mark Fistric is hit by Marc Staal and loses puck.
18:44 of 1st period - Mike Weber is hit by Marc Staal and loses puck.
19:03 of 1st period - Snap shot by Jonathan Huberdeau.
19:03 of 1st period - Shot Misses the Net.
19:05 of 1st period - Slapshot by Anton Stralman.
19:05 of 1st period - Stopped by Viktor Fasth without a rebound.
19:06 of 1st period - Brian Gionta wins face-off versus Jonathan Huberdeau in Sharks zone.
19:08 of 1st period - Minor Penalty to Nicklas Grossmann for Hooking.
19:09 of 1st period - Henrik Sedin wins face-off versus Mike Richards in Sharks zone.
19:09 of 1st period - Henrik Sedin is hit by Dennis Wideman.
19:20 of 1st period - Wrist shot by Mike Richards.
19:20 of 1st period - Shot Misses the Net.
19:22 of 1st period - Slapshot by Matthew Carle.
19:22 of 1st period - Shot Misses the Net.
19:24 of 1st period - Backhand shot by Matthew Carle.
19:24 of 1st period - Stopped by Viktor Fasth with a rebound.
19:26 of 1st period - Snap shot by Mike Richards.
19:26 of 1st period - Stopped by Viktor Fasth without a rebound.
19:27 of 1st period - Henrik Sedin wins face-off versus Mike Richards in Sharks zone.
19:35 of 1st period - Off-side.
19:36 of 1st period - Henrik Sedin wins face-off versus Tyler Bozak in neutral zone.
19:41 of 1st period - Wrist shot by Patrick Kane.
19:41 of 1st period - Shot Misses the Net.
19:51 of 1st period - Snap shot by Tyler Bozak.
19:51 of 1st period - Stopped by Viktor Fasth with a rebound.
19:53 of 1st period - Backhand shot by Dennis Wideman.
19:53 of 1st period - Shot Misses the Net.
19:55 of 1st period - Slapshot by Matthew Carle.
19:55 of 1st period - Shot Blocked by Dion Phaneuf.
19:57 of 1st period - Snap shot by Tyler Bozak.
19:57 of 1st period - Goal by Tyler Bozak - Sharks : 0 - Ducks : 2.
19:58 of 1st period - Olli Jokinen wins face-off versus Mike Richards in neutral zone.
Goals for this period are 0 for Sharks vs 2 for Ducks.
Shots for this period are 11 for Sharks vs 9 for Ducks.

2nd period


0:01 of 2nd period - Henrik Sedin wins face-off versus Mike Richards in neutral zone.
0:04 of 2nd period - Anton Stralman is hit by Rich Peverley and loses puck.
0:23 of 2nd period - Snap shot by Mike Richards.
0:23 of 2nd period - Shot Misses the Net.
0:25 of 2nd period - Snap shot by Mike Richards.
0:25 of 2nd period - Stopped by Viktor Fasth with a rebound.
0:27 of 2nd period - Backhand shot by Anton Stralman.
0:27 of 2nd period - Shot Misses the Net.
0:31 of 2nd period - Snap shot by James Neal.
0:31 of 2nd period - Ducks goal is going for a video replay.
0:31 of 2nd period - The goal is refused. The puck has deflected directly into the net off by an official..
0:32 of 2nd period - Olli Jokinen wins face-off versus Jonathan Huberdeau in Sharks zone.
1:27 of 2nd period - Nicklas Grossmann is hit by Tyler Bozak.
2:19 of 2nd period - Slapshot by Martin St. Louis.
2:19 of 2nd period - Stopped by Viktor Fasth with a rebound.
2:25 of 2nd period - Matthew Carle is hit by Deryk Engelland and loses puck.
3:28 of 2nd period - Snap shot by Olli Jokinen.
3:28 of 2nd period - Shot Hit the Post.
3:39 of 2nd period - Jay Harrison is hit by Dennis Wideman and loses puck.
4:00 of 2nd period - Wrist shot by Jonathan Huberdeau.
4:00 of 2nd period - Shot Blocked by Mike Green.
4:06 of 2nd period - Slapshot by Jonathan Huberdeau.
4:06 of 2nd period - Shot Misses the Net.
4:08 of 2nd period - Slapshot by Dennis Wideman.
4:08 of 2nd period - Shot Misses the Net.
4:10 of 2nd period - Snap shot by James Sheppard.
4:10 of 2nd period - Stopped by Viktor Fasth without a rebound.
4:11 of 2nd period - Henrik Sedin wins face-off versus Tyler Bozak in Sharks zone.
4:26 of 2nd period - Deryk Engelland is hit by Alex Grant and loses puck.
5:13 of 2nd period - James Sheppard is hit by Dion Phaneuf and loses puck.
5:53 of 2nd period - Dennis Wideman is hit by Deryk Engelland and loses puck.
6:29 of 2nd period - Mike Richards is hit by Mark Fistric.
6:30 of 2nd period - Mike Richards from Ducks is injured at 6:30 of 2nd period (Sports Hernia).
6:31 of 2nd period - Jonathan Huberdeau wins face-off versus Henrik Sedin in Ducks zone.
6:54 of 2nd period - Jonathan Huberdeau is hit by Dion Phaneuf and loses puck.
6:55 of 2nd period - Jonathan Huberdeau from Ducks is injured at 6:55 of 2nd period (Strained Left Knee).
6:56 of 2nd period - TJ Galiardi wins face-off versus Deryk Engelland in Ducks zone.
6:56 of 2nd period - TJ Galiardi is hit by Nicklas Grossmann.
7:15 of 2nd period - Minor Penalty to Dion Phaneuf for Interference.
7:16 of 2nd period - TJ Galiardi wins face-off versus Henrik Sedin in Sharks zone.
7:34 of 2nd period - Slapshot by James Neal.
7:34 of 2nd period - Stopped by Viktor Fasth with a rebound.
7:36 of 2nd period - Slapshot by Matthew Carle.
7:36 of 2nd period - Goal by Matthew Carle - Sharks : 0 - Ducks : 3.
7:37 of 2nd period - Henrik Sedin wins face-off versus TJ Galiardi in neutral zone.
7:53 of 2nd period - Minor Penalty to James Neal for Roughing.
7:54 of 2nd period - Henrik Sedin wins face-off versus Martin St. Louis in Ducks zone.
7:56 of 2nd period - Snap shot by Henrik Sedin.
7:56 of 2nd period - Stopped by Martin Brodeur with a rebound.
9:53 of 2nd period - Penalty to James Neal is over, James Neal is back on ice.
10:47 of 2nd period - Marc Staal is hit by Mark Fistric and loses puck.
10:48 of 2nd period - Marc Staal from Ducks is injured at 10:48 of 2nd period (Dislocated Patella).
10:49 of 2nd period - Henrik Sedin wins face-off versus TJ Galiardi in Ducks zone.
11:20 of 2nd period - Dion Phaneuf is hit by James Neal and loses puck.
11:37 of 2nd period - Dennis Wideman is hit by Olli Jokinen and loses puck.
11:50 of 2nd period - Jay Harrison is hit by Patrick Kane and loses puck.
12:26 of 2nd period - Minor Penalty to Mike Weber for Hooking.
12:27 of 2nd period - Henrik Sedin wins face-off versus TJ Galiardi in Sharks zone.
13:23 of 2nd period - Snap shot by Tyler Bozak.
13:23 of 2nd period - Goal by Tyler Bozak - Sharks : 0 - Ducks : 4.
13:23 of 2nd period - Farm Player83 enters game.
13:24 of 2nd period - Olli Jokinen wins face-off versus Tom Pyatt in neutral zone.
14:31 of 2nd period - Wrist shot by Rich Peverley.
14:31 of 2nd period - Shot Blocked by Anton Stralman.
14:33 of 2nd period - Slapshot by Mike Weber.
14:33 of 2nd period - Shot Misses the Net.
14:50 of 2nd period - Snap shot by Brian Gionta.
14:50 of 2nd period - Deflect By Adam Hall.
14:50 of 2nd period - Stopped by Martin Brodeur with a rebound.
14:52 of 2nd period - Wrist shot by Nicklas Grossmann.
14:52 of 2nd period - Goal by Nicklas Grossmann - Sharks : 1 - Ducks : 4.
14:53 of 2nd period - Tyler Bozak wins face-off versus Adam Hall in neutral zone.
15:00 of 2nd period - Wrist shot by Tyler Bozak.
15:00 of 2nd period - Shot Misses the Net.
15:02 of 2nd period - Slapshot by Dennis Wideman.
15:02 of 2nd period - Deflect By Patrick Kane.
15:02 of 2nd period - Shot Blocked by Adam Hall.
15:02 of 2nd period - Puck is out of play.
15:03 of 2nd period - Tyler Bozak wins face-off versus Adam Hall in Sharks zone.
15:18 of 2nd period - Slapshot by Brian Gionta.
15:18 of 2nd period - Stopped by Martin Brodeur without a rebound.
15:19 of 2nd period - TJ Galiardi wins face-off versus Henrik Sedin in Ducks zone.
15:19 of 2nd period - TJ Galiardi is hit by Henrik Sedin.
15:26 of 2nd period - Off-side.
15:27 of 2nd period - Martin St. Louis wins face-off versus Henrik Sedin in neutral zone.
16:27 of 2nd period - Snap shot by Patrick Kane.
16:27 of 2nd period - Deflect By Tyler Bozak.
16:27 of 2nd period - Shot Hit the Post.
16:27 of 2nd period - Puck is out of play.
16:28 of 2nd period - Olli Jokinen wins face-off versus Tyler Bozak in Sharks zone.
16:28 of 2nd period - Olli Jokinen is hit by Matthew Carle.
16:58 of 2nd period - Wrist shot by Matt Hendricks.
16:58 of 2nd period - Stopped by Martin Brodeur with a rebound.
17:00 of 2nd period - Wrist shot by Olli Jokinen.
17:00 of 2nd period - Deflect By Matt Hendricks.
17:00 of 2nd period - Shot Misses the Net.
17:00 of 2nd period - Puck is out of play.
17:01 of 2nd period - Adam Hall wins face-off versus Tom Pyatt in Ducks zone.
17:17 of 2nd period - Wrist shot by Nathan Gerbe.
17:17 of 2nd period - Stopped by Martin Brodeur with a rebound.
17:28 of 2nd period - Minor Penalty to Mike Weber for Tripping.
17:29 of 2nd period - Henrik Sedin wins face-off versus TJ Galiardi in Sharks zone.
17:42 of 2nd period - Slapshot by Dennis Wideman.
17:42 of 2nd period - Deflect By Martin St. Louis.
17:42 of 2nd period - Goal by Martin St. Louis - Sharks : 1 - Ducks : 5.
17:43 of 2nd period - TJ Galiardi wins face-off versus Deryk Engelland in neutral zone.
18:03 of 2nd period - Backhand shot by Martin St. Louis.
18:03 of 2nd period - Goal by Martin St. Louis - Sharks : 1 - Ducks : 6.
18:04 of 2nd period - Henrik Sedin wins face-off versus TJ Galiardi in neutral zone.
18:13 of 2nd period - Slapshot by Rich Peverley.
18:13 of 2nd period - Shot Blocked by Matthew Carle.
18:15 of 2nd period - Snap shot by Deryk Engelland.
18:15 of 2nd period - Deflect By Rich Peverley.
18:15 of 2nd period - Shot Blocked by Dennis Wideman.
18:15 of 2nd period - Puck is out of play.
18:16 of 2nd period - Henrik Sedin wins face-off versus TJ Galiardi in Ducks zone.
18:33 of 2nd period - Nicklas Grossmann is hit by TJ Galiardi and loses puck.
18:43 of 2nd period - Slapshot by Dion Phaneuf.
18:43 of 2nd period - Deflect By Rich Peverley.
18:43 of 2nd period - Stopped by Martin Brodeur without a rebound.
18:44 of 2nd period - Olli Jokinen wins face-off versus Tyler Bozak in Ducks zone.
18:45 of 2nd period - Snap shot by Mike Green.
18:45 of 2nd period - Stopped by Martin Brodeur with a rebound.
18:47 of 2nd period - Slapshot by Mike Green.
18:47 of 2nd period - Shot Misses the Net.
18:49 of 2nd period - Slapshot by Matt Hendricks.
18:49 of 2nd period - Shot Misses the Net.
19:19 of 2nd period - Slapshot by Patrick Kane.
19:19 of 2nd period - Shot Misses the Net.
19:35 of 2nd period - Adam Hall is hit by Matt Frattin and loses puck.
19:42 of 2nd period - Matt Frattin is hit by Nathan Gerbe and loses puck.
19:53 of 2nd period - Wrist shot by Brian Gionta.
19:53 of 2nd period - Shot Misses the Net.
19:55 of 2nd period - Slapshot by Nicklas Grossmann.
19:55 of 2nd period - Shot Misses the Net.
Goals for this period are 1 for Sharks vs 4 for Ducks.
Shots for this period are 8 for Sharks vs 9 for Ducks.

3rd period


0:01 of 3rd period - Henrik Sedin wins face-off versus TJ Galiardi in neutral zone.
0:04 of 3rd period - Dennis Wideman is hit by Dion Phaneuf and loses puck.
0:19 of 3rd period - Snap shot by Martin St. Louis.
0:19 of 3rd period - Shot Misses the Net.
0:21 of 3rd period - Slapshot by Matthew Carle.
0:21 of 3rd period - Deflect By Dion Phaneuf.
0:21 of 3rd period - Goal by Matthew Carle - Sharks : 1 - Ducks : 7.
0:22 of 3rd period - Henrik Sedin wins face-off versus Tom Pyatt in neutral zone.
0:29 of 3rd period - Dion Phaneuf is hit by James Sheppard and loses puck.
0:52 of 3rd period - Wrist shot by James Sheppard.
0:52 of 3rd period - Deflect By TJ Galiardi.
0:52 of 3rd period - Goal by TJ Galiardi - Sharks : 1 - Ducks : 8.
0:52 of 3rd period - Viktor Fasth enters game.
0:53 of 3rd period - Olli Jokinen wins face-off versus TJ Galiardi in neutral zone.
0:56 of 3rd period - Slapshot by Dion Phaneuf.
0:56 of 3rd period - Stopped by Martin Brodeur with a rebound.
1:03 of 3rd period - Off-side.
1:04 of 3rd period - TJ Galiardi wins face-off versus Olli Jokinen in neutral zone.
1:09 of 3rd period - Snap shot by Martin St. Louis.
1:09 of 3rd period - Stopped by Viktor Fasth with a rebound.
1:11 of 3rd period - Slapshot by Dennis Wideman.
1:11 of 3rd period - Shot Blocked by Luke Glendening.
1:13 of 3rd period - Wrist shot by Dennis Wideman.
1:13 of 3rd period - Shot Misses the Net.
1:15 of 3rd period - Slapshot by Dennis Wideman.
1:15 of 3rd period - Stopped by Viktor Fasth without a rebound.
1:16 of 3rd period - Tyler Bozak wins face-off versus Deryk Engelland in Sharks zone.
1:19 of 3rd period - Snap shot by Tyler Bozak.
1:19 of 3rd period - Stopped by Viktor Fasth with a rebound.
1:35 of 3rd period - Wrist shot by Rich Peverley.
1:35 of 3rd period - Shot Misses the Net.
1:37 of 3rd period - Slapshot by Nicklas Grossmann.
1:37 of 3rd period - Deflect By Henrik Sedin.
1:37 of 3rd period - Stopped by Martin Brodeur without a rebound.
1:38 of 3rd period - Adam Hall wins face-off versus TJ Galiardi in Ducks zone.
1:53 of 3rd period - Snap shot by Martin St. Louis.
1:53 of 3rd period - Shot Misses the Net.
1:55 of 3rd period - Wrist shot by James Neal.
1:55 of 3rd period - Stopped by Viktor Fasth with a rebound.
1:57 of 3rd period - Slapshot by Anton Stralman.
1:57 of 3rd period - Shot Misses the Net.
2:28 of 3rd period - Icing by Jay Harrison.
2:29 of 3rd period - Adam Hall wins face-off versus Tyler Bozak in Sharks zone.
2:40 of 3rd period - Jay Harrison is hit by Tyler Bozak and loses puck.
2:45 of 3rd period - Snap shot by Patrick Kane.
2:45 of 3rd period - Shot Hit the Post.
3:40 of 3rd period - Wrist shot by Olli Jokinen.
3:40 of 3rd period - Deflect By Matthew Carle.
3:40 of 3rd period - Stopped by Martin Brodeur without a rebound.
3:41 of 3rd period - Tom Pyatt wins face-off versus Olli Jokinen in Ducks zone.
4:17 of 3rd period - Snap shot by Olli Jokinen.
4:17 of 3rd period - Shot Misses the Net.
4:23 of 3rd period - Matt Hendricks is hit by Tom Pyatt and loses puck.
4:43 of 3rd period - Slapshot by Anton Stralman.
4:43 of 3rd period - Stopped by Viktor Fasth with a rebound.
4:45 of 3rd period - Slapshot by TJ Galiardi.
4:45 of 3rd period - Stopped by Viktor Fasth with a rebound.
5:03 of 3rd period - Adam Hall is hit by Anton Stralman.
5:12 of 3rd period - Slapshot by Dennis Wideman.
5:12 of 3rd period - Deflect By Nathan Gerbe.
5:12 of 3rd period - Stopped by Viktor Fasth without a rebound.
5:13 of 3rd period - Tyler Bozak wins face-off versus Blake Comeau in Sharks zone.
5:22 of 3rd period - Wrist shot by Patrick Kane.
5:22 of 3rd period - Shot Misses the Net.
6:13 of 3rd period - Matt Hendricks is hit by Alex Grant and loses puck.
6:24 of 3rd period - Tom Pyatt is hit by Nicklas Grossmann and loses puck.
7:01 of 3rd period - Olli Jokinen is hit by James Neal and loses puck.
7:30 of 3rd period - Snap shot by Nathan Gerbe.
7:30 of 3rd period - Stopped by Martin Brodeur with a rebound.
7:36 of 3rd period - Snap shot by Nathan Gerbe.
7:36 of 3rd period - Stopped by Martin Brodeur without a rebound.
7:37 of 3rd period - Henrik Sedin wins face-off versus Tom Pyatt in Ducks zone.
7:38 of 3rd period - Snap shot by Rich Peverley.
7:38 of 3rd period - Deflect By James Sheppard.
7:38 of 3rd period - Stopped by Martin Brodeur without a rebound.
7:39 of 3rd period - TJ Galiardi wins face-off versus Henrik Sedin in Ducks zone.
8:39 of 3rd period - Mike Green is hit by James Neal and loses puck.
8:48 of 3rd period - Adam Hall is hit by Dennis Wideman and loses puck.
9:43 of 3rd period - Jay Harrison is hit by Keith Aucoin and loses puck.
9:55 of 3rd period - Luke Glendening is hit by Keith Aucoin and loses puck.
10:00 of 3rd period - Slapshot by Matthew Carle.
10:00 of 3rd period - Stopped by Viktor Fasth with a rebound.
10:02 of 3rd period - Snap shot by Keith Aucoin.
10:02 of 3rd period - Stopped by Viktor Fasth with a rebound.
10:04 of 3rd period - Slapshot by Matthew Carle.
10:04 of 3rd period - Deflect By Luke Glendening.
10:04 of 3rd period - Stopped by Viktor Fasth with a rebound.
11:31 of 3rd period - Snap shot by Nathan Gerbe.
11:31 of 3rd period - Stopped by Martin Brodeur with a rebound.
11:33 of 3rd period - Wrist shot by Dion Phaneuf.
11:33 of 3rd period - Shot Blocked by Anton Stralman.
11:35 of 3rd period - Snap shot by Dion Phaneuf.
11:35 of 3rd period - Stopped by Martin Brodeur with a rebound.
11:37 of 3rd period - Slapshot by Dion Phaneuf.
11:37 of 3rd period - Deflect By Nathan Gerbe.
11:37 of 3rd period - Shot Misses the Net.
11:37 of 3rd period - Puck is out of play.
11:38 of 3rd period - Tyler Bozak wins face-off versus Henrik Sedin in Ducks zone.
11:59 of 3rd period - Wrist shot by Patrick Kane.
11:59 of 3rd period - Deflect By Tyler Bozak.
11:59 of 3rd period - Stopped by Viktor Fasth with a rebound.
13:33 of 3rd period - Snap shot by Brian Gionta.
13:33 of 3rd period - Shot Misses the Net.
13:35 of 3rd period - Wrist shot by Adam Hall.
13:35 of 3rd period - Shot Misses the Net.
13:37 of 3rd period - Wrist shot by Mark Fistric.
13:37 of 3rd period - Shot Blocked by Matthew Carle.
13:43 of 3rd period - Minor Penalty to TJ Galiardi for Hooking.
13:44 of 3rd period - Martin St. Louis wins face-off versus Olli Jokinen in Ducks zone.
14:19 of 3rd period - Snap shot by Mike Green.
14:19 of 3rd period - Stopped by Martin Brodeur with a rebound.
14:21 of 3rd period - Snap shot by Jay Harrison.
14:21 of 3rd period - Deflect By Rich Peverley.
14:21 of 3rd period - Goal by Rich Peverley - Sharks : 2 - Ducks : 8.
14:22 of 3rd period - Henrik Sedin wins face-off versus Martin St. Louis in neutral zone.
14:33 of 3rd period - Deryk Engelland is hit by James Neal and loses puck.
14:52 of 3rd period - Snap shot by Olli Jokinen.
14:52 of 3rd period - Shot Misses the Net.
14:54 of 3rd period - Snap shot by Luke Glendening.
14:54 of 3rd period - Stopped by Martin Brodeur with a rebound.
14:56 of 3rd period - Slapshot by Dion Phaneuf.
14:56 of 3rd period - Shot Misses the Net.
14:58 of 3rd period - Slapshot by Nicklas Grossmann.
14:58 of 3rd period - Shot Misses the Net.
15:00 of 3rd period - Slapshot by Nicklas Grossmann.
15:00 of 3rd period - Deflect By Sean Bergenheim.
15:00 of 3rd period - Goal by Nicklas Grossmann - Sharks : 3 - Ducks : 8.
15:01 of 3rd period - Tyler Bozak wins face-off versus Adam Hall in neutral zone.
15:22 of 3rd period - Wrist shot by Patrick Kane.
15:22 of 3rd period - Shot Misses the Net.
15:24 of 3rd period - Snap shot by Sean Bergenheim.
15:24 of 3rd period - Stopped by Viktor Fasth without a rebound.
15:25 of 3rd period - Olli Jokinen wins face-off versus TJ Galiardi in Sharks zone.
16:21 of 3rd period - Wrist shot by Brian Gionta.
16:21 of 3rd period - Shot Blocked by Dennis Wideman.
16:23 of 3rd period - Slapshot by Nathan Gerbe.
16:23 of 3rd period - Shot Blocked by Dennis Wideman.
16:28 of 3rd period - Snap shot by Adam Hall.
16:28 of 3rd period - Deflect By Matthew Carle.
16:28 of 3rd period - Shot Blocked by Matthew Carle.
16:28 of 3rd period - Puck is out of play.
16:29 of 3rd period - Tom Pyatt wins face-off versus Henrik Sedin in Ducks zone.
18:03 of 3rd period - James Neal is hit by Mike Weber and loses puck.
18:48 of 3rd period - Dion Phaneuf is hit by Alex Grant and loses puck.
19:29 of 3rd period - Snap shot by Nathan Gerbe.
19:29 of 3rd period - Goal by Nathan Gerbe - Sharks : 4 - Ducks : 8.
19:30 of 3rd period - James Neal wins face-off versus Olli Jokinen in neutral zone.
19:37 of 3rd period - Slapshot by Martin St. Louis.
19:37 of 3rd period - Shot Blocked by Matt Hendricks.
19:57 of 3rd period - Wrist shot by Olli Jokinen.
19:57 of 3rd period - Shot Blocked by Dennis Wideman.
Goals for this period are 3 for Sharks vs 2 for Ducks.
Shots for this period are 13 for Sharks vs 14 for Ducks.


Output by the SimonT Hockey Simulator (STHS) for Eric Dolegowski -- Original Page W3C XHTML 1.0 Valid
Hockey Simulator - Hockey Simulation - Hockey Manager